 Dungeon Crawl Stone Soup version 0.32-a0-132-g2d33c3c (webtiles) character file.

Game seed: 180375340231919909

9 Dorkslayer the Trooper (level 2, 0/21 HPs)
             Began as an Octopode Fighter on Feb 8, 2024.
             Succumbed to a kobold's poison
             ... on level 1 of the Dungeon.
             The game lasted 00:00:34 (118 turns).

Dorkslayer the Trooper (Octopode Fighter)            Turns: 118, Time: 00:00:34

Health: 0/21       AC:  1    Str: 15    XL:     2   Next: 12%
Magic:  2/2        EV: 13    Int: 10    God:
Gold:   0          SH:  4    Dex: 11    Spells: 1/1 levels left

rFire   . .          .
                       - Unarmed
rCold   . . .        a - +0 buckler
rNeg    . . .        (helmet restricted)
rPois   .            (no amulet)
rElec   .            (no ring)
rCorr   .            (no ring)
SInv    .            (no ring)
Will    .....        (no ring)
Stlth   ++           (no ring)
HPRegen 0.23/turn    (no ring)
MPRegen 0.08/turn    (no ring)
                     (no ring)

%: no passive effects
@: lethally poisoned (0 -> -8)
A: almost no armour, amphibious, 8 rings, camouflage 1, gelatinous body 1,
(nimble swimmer 1), tentacles
a: no special abilities


You were on level 1 of the Dungeon.
You visited 1 branch of the dungeon, and saw 1 of its levels.

Inventory:

Armour
 a - a +0 buckler (worn)
Scrolls
 c - a scroll of teleportation {unknown}
Potions
 b - a potion of might


   Skills:
 + Level 3.2 Fighting
 + Level 3.2 Dodging
 + Level 3.0 Shields
 * Level 2.0 Unarmed Combat


You had one spell level left.
You didn't know any spells.
Your spell library was empty.

Dungeon Overview and Level Annotations

Branches:
Dungeon (1/15)

Altars:


Innate Abilities, Weirdness & Mutations

You cannot wear most types of armour.
You are amphibious.
You can wear up to eight rings at the same time.
Your skin changes colour to match your surroundings (Stealth+).
Your rubbery body absorbs attacks. (AC +1, EV +1)
((You are camouflaged when in or above water. (Stealth+)))
You have tentacles for arms and can constrict up to eight enemies at once.


Message History

The rat misses you.
You barely miss the rat. Your grab misses the rat.
A quokka comes into view.
The rat bites you.
A kobold comes into view. It is wielding a +0 whip of venom.
You completely miss the rat. You grab the rat. You squeeze the rat.
You kill the rat!
The ball python barely misses you. x2; The goblin attacks as it pursues you!
The goblin hits you with a +0 dagger.
The kobold throws a stone.
The stone misses you. The ball python misses you. The ball python grabs you.
The ball python constricts you.
You tentacle-slap the ball python.
You kill the ball python!
The goblin barely misses you.
You closely miss the goblin. Your grab misses the goblin.
The goblin misses you.
You tentacle-slap the goblin but do no damage.
Your grab misses the goblin. The goblin hits you with a +0 dagger.
You closely miss the goblin. Your grab misses the goblin.
Your squeeze misses the goblin.
The quokka bites you but does no damage.
You block the goblin's attack. The quokka barely misses you.
The goblin hits you with a +0 dagger.
You closely miss the goblin. Your grab misses the goblin.
The quokka closely misses you.
The kobold hits you with a +0 whip of venom.
You are lethally poisoned!
The goblin hits you with a +0 club.
* * * LOW HITPOINT WARNING * * *
You tentacle-slap the kobold but do no damage.
You grab the kobold. You constrict the kobold.
* * * LOW HITPOINT WARNING * * *
You feel very sick. The goblin misses you. The quokka barely misses you.
Unknown command.
You tentacle-slap the kobold but do no damage.
You squeeze the kobold, but do no damage.
The kobold is heavily wounded.
You constrict the kobold.
You die...

.....
...###.##....#.....###
..............>....#.....#
.. ........#....########
.........#....######
..........#.####.....
......................
##.................
#........g........
.........g@.......
........rK.......
.................
.................
###..............
...$?...........
...........#####
..#.......#


You could see a quokka, 2 goblins and a kobold.

Vanquished Creatures
  3 ball pythons (D:1)
  A bat (D:1)
  A goblin (D:1)
  A kobold (D:1)
  A frilled lizard (D:1)
  2 rats (D:1)
9 creatures vanquished.

Notes
Turn   | Place    | Note
-------+----------+-------------------------------------------
     0 | D:1      | Dorkslayer the Octopode Fighter began the quest for the
                  | Orb.
     0 | D:1      | Reached XP level 1. HP: 16/16 MP: 1/1
    59 | D:1      | Reached XP level 2. HP: 11/21 MP: 2/2
   118 | D:1      | Succumbed to a kobold's poison

Illustrated notes

Levels and vault maps discovered:
D:1:      minmay_arrival_checkered_box, layout_basic

Action                     || total
---------------------------++-------
  Melee: Unarmed           ||    22
         Constrict         ||     6
         Tentacles         ||     5
   Stab: Sleeping          ||     1
 Armour: Skin              ||    15
  Dodge: Dodged            ||    22
  Block: Buckler           ||     4

Table legend: (Time is in decaauts)
 A = Elapsed time spent in this place.
 B = Non-inter-level travel time spent in this place.
 C = Inter-level travel time spent in this place.
 D = Time resting spent in this place.
 E = Time spent auto-exploring this place.
 F = Levels seen in this place.
 G = Mean time per level.
                   A        B        C        D        E       F      G
               +--------+--------+--------+--------+--------+-----+--------+
         Total |    117 |    117 |      0 |      0 |     63 |   1 |  117.0 |
       Dungeon |    117 |    117 |      0 |      0 |     63 |   1 |  117.0 |
               +--------+--------+--------+--------+--------+-----+--------+

Top non-repeatable levels by time:
     D:1: 117 daAuts
